NCAA
ILLINOIS FIGHTING ILLINI @ IOWA STATE CYCLONES
04/01/2024
 
TOP OF THE 1ST
Illinois Fighting Illini batting - Pitching for Iowa State Cyclones : RHP Tim Hooper
Pitching: RHP Tim Hooper
Batting: RHB Buddy Griffin 0-0: Ball
1-0: Ball
2-0: Ball
3-0: Base on Balls
Batting: RHB Brandon Berry 0-0: Ball
1-0: Ball
2-0: Ball
3-0: Base on Balls
Buddy Griffin to second
Batting: SHB Jared McNayer 0-0: Ball
Buddy Griffin steals 3rd base
Brandon Berry to second
1-0: Called Strike
1-1: Called Strike
1-2: Ground out 4-3 (Groundball, 34)
Buddy Griffin scores
Brandon Berry to third
Batting: RHB Clinton Barton 0-0: Ball
1-0: Swinging Strike
1-1: Ball
2-1: Foul Ball, location: 2F
2-2: Foul Ball, location: 2F
2-2: Strikes out looking
Batting: RHB Michael Jones 0-0: Foul Ball, location: 2F
0-1: Ball
1-1: Swinging Strike
1-2: DOUBLE (Line Drive, 5)
Brandon Berry scores
Batting: RHB Benoît Vigneault 0-0: Swinging Strike
0-1: Ball
1-1: Swinging Strike
1-2: Ball
2-2: Strikes out swinging
Top of the 1st over - 2 run(s), 1 hit(s), 0 error(s), 1 left on base; Illinois 2 - Iowa State 0
BOTTOM OF THE 1ST
Iowa State Cyclones batting - Pitching for Illinois Fighting Illini : RHP Felipe Sabido
Pitching: RHP Felipe Sabido
Batting: RHB Tom Cline 0-0: Ball
1-0: Ball
2-0: Called Strike
2-1: Ball
3-1: Called Strike
3-2: Ground out 6-3 (Groundball, 6)
Batting: LHB Jerry Trent 0-0: Ball
1-0: Ball
2-0: Called Strike
2-1: Foul Ball, location: 2F
2-2: Foul Ball, location: 2F
2-2: Foul Ball, location: 2F
2-2: Ball
3-2: Base on Balls
Batting: LHB Ramiro Muńóz 0-0: Ball
1-0: Swinging Strike
1-1: Ball
Wild Pitch!
Jerry Trent to second
2-1: Ball
3-1: Base on Balls
Batting: RHB Dan Morrison 0-0: Ball
1-0: Ball
2-0: SINGLE (Line Drive, 8RS)
Jerry Trent to third
Ramiro Muńóz to second
Batting: LHB Ash Carney 0-0: Foul Ball, location: 2F
0-1: Ball
1-1: Foul Ball, location: 2F
1-2: Ball
2-2: Ball
3-2: Base on Balls
Jerry Trent scores
Ramiro Muńóz to third
Dan Morrison to second
Batting: RHB Fernando Garza 0-0: Ball
1-0: Called Strike
1-1: Foul Ball, location: 2F
1-2: Fly out, F9 (Line Drive, 9M)
Runner from 3rd tags up, SCORES, throw made
Batting: LHB Sean White 0-0: Ball
1-0: Called Strike
1-1: Foul Ball, location: 2F
1-2: Ball
2-2: Strikes out swinging
Bottom of the 1st over - 2 run(s), 1 hit(s), 0 error(s), 2 left on base; Illinois 2 - Iowa State 2
TOP OF THE 2ND
Illinois Fighting Illini batting - Pitching for Iowa State Cyclones : RHP Tim Hooper
Batting: RHB Aaron Murray 0-0: Called Strike
0-1: Ball
1-1: Foul Ball, location: 2F
1-2: Ball
2-2: Strikes out swinging
Batting: LHB Joe Alexander 0-0: Ball
1-0: Ball
2-0: Called Strike
2-1: Fly out, F7 (Flyball, 7M)
Batting: RHB David Ward 0-0: Called Strike
0-1: Foul Ball, location: 2F
0-2: Ball
1-2: Strikes out swinging
Top of the 2nd over - 0 run(s), 0 hit(s), 0 error(s), 0 left on base; Illinois 2 - Iowa State 2
BOTTOM OF THE 2ND
Iowa State Cyclones batting - Pitching for Illinois Fighting Illini : RHP Felipe Sabido
Batting: RHB Luke Cater 0-0: Ball
1-0: Ball
2-0: Ball
3-0: Called Strike
3-1: Reached on error, E5 (Groundball, 5)
Batting: RHB Steve Burton 0-0: Ball
Wild Pitch!
Luke Cater to second
1-0: Swinging Strike
1-1: Foul Ball, location: 2F
1-2: Ball
2-2: Ball
3-2: Base on Balls
Batting: RHB Tom Cline 0-0: Called Strike
0-1: Swinging Strike
0-2: Foul Ball, location: 2F
0-2: Ball
1-2: Foul Ball, location: 2F
1-2: Strikes out looking
Batting: LHB Jerry Trent 0-0: Ball
1-0: Fly out, F8 (Flyball, 78M)
Batting: LHB Ramiro Muńóz 0-0: Ball
1-0: Fly out, F7 (Flyball, 7LM)
Bottom of the 2nd over - 0 run(s), 0 hit(s), 1 error(s), 2 left on base; Illinois 2 - Iowa State 2
TOP OF THE 3RD
Illinois Fighting Illini batting - Pitching for Iowa State Cyclones : RHP Tim Hooper
Batting: RHB Buddy Griffin 0-0: Fly out, F9 (Line Drive, 89M)
Batting: RHB Brandon Berry 0-0: Called Strike
0-1: Foul Ball, location: 2F
0-2: Ball
1-2: SINGLE (Groundball, 56D)
Batting: SHB Jared McNayer 0-0: Foul Ball, location: 2F
0-1: SINGLE (Groundball, 34D)
Brandon Berry to second
Batting: RHB Clinton Barton 0-0: Ball
1-0: Ball
2-0: Ball
3-0: Base on Balls
Brandon Berry to third
Jared McNayer to second
Batting: RHB Michael Jones 0-0: Called Strike
0-1: Foul Ball, location: 2F
0-2: Ball
1-2: Ball
2-2: SINGLE (Line Drive, 4MD)
Brandon Berry scores
Jared McNayer to third
Clinton Barton to second
Batting: RHB Benoît Vigneault 0-0: Ball
1-0: Ball
2-0: SINGLE (Line Drive, 56D)
Jared McNayer scores
Clinton Barton to third
Michael Jones to second
Runner from 3rd tries for Home, SAFE, no throw or cutoff
Batting: RHB Aaron Murray 0-0: Ball
1-0: Foul Ball, location: 2F
1-1: Ball
2-1: Ball
3-1: Fly out, F4 (Popup, 4D)
Batting: LHB Joe Alexander 0-0: Swinging Strike
0-1: Called Strike
0-2: Ground out U3 (Groundball, 3)
Top of the 3rd over - 3 run(s), 4 hit(s), 0 error(s), 2 left on base; Illinois 5 - Iowa State 2
BOTTOM OF THE 3RD
Iowa State Cyclones batting - Pitching for Illinois Fighting Illini : RHP Felipe Sabido
Batting: RHB Dan Morrison 0-0: SINGLE (Line Drive, 6M)
Batting: LHB Ash Carney 0-0: Fly out, F8 (Flyball, 8LM)
Batting: RHB Fernando Garza 0-0: Called Strike
0-1: Ball
1-1: Ball
2-1: Ball
3-1: Base on Balls
Dan Morrison to second
Batting: LHB Sean White 0-0: Ball
1-0: Foul Ball, location: 2F
1-1: Ball
2-1: Fly out, F8 (Flyball, 78M)
Batting: RHB Luke Cater 0-0: Ball
1-0: Called Strike
1-1: Swinging Strike
1-2: Ball
2-2: Strikes out swinging
Bottom of the 3rd over - 0 run(s), 1 hit(s), 0 error(s), 2 left on base; Illinois 5 - Iowa State 2
TOP OF THE 4TH
Illinois Fighting Illini batting - Pitching for Iowa State Cyclones : RHP Tim Hooper
Batting: RHB David Ward 0-0: Ground out 6-3 (Groundball, 6)
Batting: RHB Buddy Griffin 0-0: Called Strike
0-1: Fly out, F5 (Popup, 25F)
Batting: RHB Brandon Berry 0-0: Foul Ball, location: 2F
0-1: Foul Ball, location: 2F
0-2: Ball
1-2: Foul Ball, location: 2F
1-2: Ball
2-2: Ball
3-2: Base on Balls
Batting: SHB Jared McNayer 0-0: Ball
1-0: Swinging Strike
1-1: Ball
2-1: SINGLE (Groundball, 4MD)
Brandon Berry to second
Pitching: LHP Jeffery Guillermina
Batting: RHB Clinton Barton 0-0: Ball
1-0: Called Strike
1-1: Ball
2-1: Called Strike
2-2: Foul Ball, location: 2F
2-2: Ball
3-2: Fly out, F7 (Flyball, 7LM)
Top of the 4th over - 0 run(s), 1 hit(s), 0 error(s), 2 left on base; Illinois 5 - Iowa State 2
BOTTOM OF THE 4TH
Iowa State Cyclones batting - Pitching for Illinois Fighting Illini : RHP Felipe Sabido
Batting: RHB Steve Burton 0-0: Foul Ball, location: 2F
0-1: Foul Ball, location: 2F
0-2: Ground out 4-3 (Groundball, 4M)
Batting: RHB Tom Cline 0-0: Ball
1-0: Swinging Strike
1-1: SINGLE (Line Drive, 9S)
Pitching: RHP Vicente Calderón
Batting: LHB Jerry Trent 0-0: Foul Ball, location: 2F
0-1: Ball
1-1: Ball
2-1: Fly out, F8 (Flyball, 78M)
Batting: LHB Ramiro Muńóz 0-0: Ball
Wild Pitch!
Tom Cline to second
1-0: Ball
2-0: Called Strike
2-1: Hit by Pitch
Batting: RHB Dan Morrison 0-0: Called Strike
0-1: Foul Ball, location: 2F
0-2: Strikes out swinging
Bottom of the 4th over - 0 run(s), 1 hit(s), 0 error(s), 2 left on base; Illinois 5 - Iowa State 2
TOP OF THE 5TH
Illinois Fighting Illini batting - Pitching for Iowa State Cyclones : LHP Jeffery Guillermina
Batting: RHB Michael Jones 0-0: Fly out, F4 (Line Drive, 4)
Batting: RHB Benoît Vigneault 0-0: Called Strike
0-1: Fly out, F8 (Flyball, 8LM)
Batting: RHB Aaron Murray 0-0: Ball
1-0: Swinging Strike
1-1: Ball
2-1: Ball
3-1: Swinging Strike
3-2: Base on Balls
Batting: LHB Joe Alexander 0-0: Swinging Strike
0-1: Ground out 3-1 (Groundball, 34)
Top of the 5th over - 0 run(s), 0 hit(s), 0 error(s), 1 left on base; Illinois 5 - Iowa State 2
BOTTOM OF THE 5TH
Iowa State Cyclones batting - Pitching for Illinois Fighting Illini : RHP Vicente Calderón
Batting: LHB Ash Carney 0-0: Ball
1-0: Ball
2-0: Ball
3-0: Base on Balls
Batting: RHB Fernando Garza 0-0: Called Strike
0-1: Foul Ball, location: 2F
0-2: Ball
1-2: Foul Ball, location: 2F
1-2: Strikes out swinging
Batting: LHB Sean White 0-0: Ball
1-0: Ball
2-0: Ball
3-0: Called Strike
3-1: Called Strike
3-2: Base on Balls
Ash Carney to second
Pitching: RHP Jesús Martínez
Batting: RHB Luke Cater 0-0: Called Strike
0-1: Ball
1-1: SINGLE (Line Drive, 89S)
Ash Carney to third
Sean White to second
Batting: RHB Steve Burton 0-0: Ball
Wild Pitch!
Ash Carney scores
Sean White to third
Luke Cater to second
1-0: Called Strike
1-1: Ball
2-1: Swinging Strike
2-2: Ball
3-2: Strikes out looking
Batting: RHB Tom Cline 0-0: Ball
1-0: Called Strike
1-1: Ball
2-1: Foul Ball, location: 2F
2-2: Foul Ball, location: 2F
2-2: Ball
3-2: DOUBLE (Line Drive, 5L)
Sean White scores
Luke Cater scores
Batting: LHB Jerry Trent 0-0: Ball
1-0: Foul Ball, location: 2F
1-1: Called Strike
1-2: Ball
2-2: Foul Ball, location: 2F
2-2: Strikes out looking
Bottom of the 5th over - 3 run(s), 2 hit(s), 0 error(s), 1 left on base; Illinois 5 - Iowa State 5
TOP OF THE 6TH
Illinois Fighting Illini batting - Pitching for Iowa State Cyclones : LHP Jeffery Guillermina
Batting: RHB David Ward 0-0: Ball
1-0: Ball
2-0: Fly out, F9 (Flyball, 9LM)
Pitching: LHP Bruce Cunningham
Batting: RHB Buddy Griffin 0-0: Foul Ball, location: 2F
0-1: Called Strike
0-2: Ball
1-2: Strikes out swinging
Batting: RHB Brandon Berry 0-0: Ball
1-0: Ball
2-0: Foul Ball, location: 2F
2-1: Foul Ball, location: 2F
2-2: Strikes out swinging, 2-3 out at first.
Top of the 6th over - 0 run(s), 0 hit(s), 0 error(s), 0 left on base; Illinois 5 - Iowa State 5
BOTTOM OF THE 6TH
Iowa State Cyclones batting - Pitching for Illinois Fighting Illini : RHP Jesús Martínez
Batting: LHB Ramiro Muńóz 0-0: Swinging Strike
0-1: Foul Ball, location: 2F
0-2: Foul Ball, location: 2F
0-2: Ball
1-2: Ball
2-2: Strikes out swinging
Batting: RHB Dan Morrison 0-0: Ball
1-0: Fly out, F9 (Flyball, 89S)
Batting: LHB Ash Carney 0-0: Ball
1-0: Fly out, F4 (Popup, 4)
Bottom of the 6th over - 0 run(s), 0 hit(s), 0 error(s), 0 left on base; Illinois 5 - Iowa State 5
TOP OF THE 7TH
Illinois Fighting Illini batting - Pitching for Iowa State Cyclones : LHP Bruce Cunningham
Batting: SHB Jared McNayer 0-0: Called Strike
0-1: Foul Ball, location: 2F
0-2: Ball
1-2: Foul Ball, location: 2F
1-2: SINGLE (Groundball, 56D)
Batting: RHB Clinton Barton 0-0: Ball
1-0: Ball
2-0: Ball
3-0: Called Strike
3-1: Foul Ball, location: 2F
3-2: Base on Balls
Jared McNayer to second
Batting: RHB Michael Jones 0-0: Ball
1-0: Foul Ball, location: 2F
1-1: Called Strike
1-2: Foul Ball, location: 2F
1-2: Strikes out looking
Batting: RHB Benoît Vigneault 0-0: Called Strike
0-1: Ball
1-1: Ball
2-1: Ball
3-1: Foul Ball, location: 2F
3-2: SINGLE (Line Drive, 8RS)
Jared McNayer to third
Clinton Barton to second
Runner from 3rd tries for Home, SAFE, throw made home
Clinton Barton to third
Benoît Vigneault to second
Pinch Hitting: RHB James Brown 0-0: Intentional Walk
Pinch Hitting: RHB Gerald Davis 0-0: Ball
1-0: Ball
2-0: Ball
3-0: Called Strike
3-1: GRAND SLAM HOME RUN (Flyball, 7LD), Distance : 326 ft
Pitching: RHP Kyle Rumbolt
Batting: RHB David Ward 0-0: Foul Ball, location: 2F
0-1: DOUBLE (Line Drive, 5L)
Batting: RHB Buddy Griffin 0-0: Called Strike
0-1: Foul Ball, location: 2F
0-2: Foul Ball, location: 2F
0-2: Ball
1-2: Ball
2-2: Ball
3-2: Strikes out swinging
Batting: RHB Brandon Berry 0-0: Called Strike
0-1: Foul Ball, location: 2F
0-2: Ball
1-2: Strikes out swinging
Top of the 7th over - 5 run(s), 4 hit(s), 0 error(s), 1 left on base; Illinois 10 - Iowa State 5
BOTTOM OF THE 7TH
Iowa State Cyclones batting - Pitching for Illinois Fighting Illini : RHP Jesús Martínez
Now at SS: Gerald Davis
Now in CF: Steven Fox
Batting: RHB Fernando Garza 0-0: Called Strike
0-1: Called Strike
0-2: Strikes out swinging
Pitching: RHP Lance Edgar
Batting: LHB Sean White 0-0: Foul Ball, location: 2F
0-1: Ball
1-1: Foul Ball, location: 2F
1-2: SINGLE (Groundball, 34D)
Batting: RHB Luke Cater 0-0: Ball
1-0: Foul Ball, location: 2F
1-1: Swinging Strike
1-2: Ball
2-2: Foul Ball, location: 2F
2-2: Fly out, F6 (Line Drive, 6)
Batting: RHB Steve Burton 0-0: Ball
1-0: Foul Ball, location: 2F
1-1: Swinging Strike
1-2: Strikes out swinging
Bottom of the 7th over - 0 run(s), 1 hit(s), 0 error(s), 1 left on base; Illinois 10 - Iowa State 5
TOP OF THE 8TH
Illinois Fighting Illini batting - Pitching for Iowa State Cyclones : RHP Kyle Rumbolt
Batting: SHB Jared McNayer 0-0: Called Strike
0-1: Called Strike
0-2: Ball
1-2: SINGLE (Groundball, 4MD)
Batting: RHB Clinton Barton 0-0: Ball
1-0: Foul Ball, location: 2F
1-1: Swinging Strike
1-2: Strikes out swinging
Batting: RHB Michael Jones 0-0: Called Strike
0-1: Ball
1-1: Fly out, F3 (Popup, 34)
Batting: RHB Benoît Vigneault 0-0: Called Strike
0-1: Swinging Strike
0-2: Strikes out swinging
Top of the 8th over - 0 run(s), 1 hit(s), 0 error(s), 1 left on base; Illinois 10 - Iowa State 5
BOTTOM OF THE 8TH
Iowa State Cyclones batting - Pitching for Illinois Fighting Illini : RHP Lance Edgar
Batting: RHB Tom Cline 0-0: Called Strike
0-1: Ground out 5-3 (Groundball, 56)
Batting: LHB Jerry Trent 0-0: Called Strike
0-1: Swinging Strike
0-2: Ball
1-2: Foul Ball, location: 2F
1-2: Strikes out looking
Batting: LHB Ramiro Muńóz 0-0: Ball
1-0: Ball
2-0: Foul Ball, location: 2F
2-1: Foul Ball, location: 2F
2-2: Foul Ball, location: 2F
2-2: Strikes out swinging
Bottom of the 8th over - 0 run(s), 0 hit(s), 0 error(s), 0 left on base; Illinois 10 - Iowa State 5
TOP OF THE 9TH
Illinois Fighting Illini batting - Pitching for Iowa State Cyclones : RHP Kyle Rumbolt
Pitching: LHP Sergio Román
Batting: LHB Steven Fox 0-0: Called Strike
0-1: Foul Ball, location: 2F
0-2: Strikes out swinging
Batting: RHB Gerald Davis 0-0: Called Strike
0-1: Ball
1-1: Reached on error, E5 (Groundball, 5L)
Batting: RHB David Ward 0-0: Foul Ball, location: 2F
0-1: Foul Ball, location: 2F
0-2: Foul Ball, location: 2F
0-2: Ball
1-2: Ball
2-2: Foul Ball, location: 2F
2-2: Ball
3-2: Strikes out swinging
Batting: RHB Buddy Griffin 0-0: Foul Ball, location: 2F
0-1: Foul Ball, location: 2F
0-2: Ball
1-2: Strikes out swinging
Top of the 9th over - 0 run(s), 0 hit(s), 1 error(s), 1 left on base; Illinois 10 - Iowa State 5
BOTTOM OF THE 9TH
Iowa State Cyclones batting - Pitching for Illinois Fighting Illini : RHP Lance Edgar
Pitching: RHP Alberto Ibarra
Batting: RHB Dan Morrison 0-0: Swinging Strike
0-1: Foul Ball, location: 2F
0-2: Ball
1-2: Strikes out swinging wild pitch, reaches first!
Batting: LHB Ash Carney 0-0: Called Strike
0-1: SINGLE (Groundball, 6MD)
Dan Morrison to second
Runner from 2nd tries for 3rd, SAFE, throw made to third
Batting: RHB Fernando Garza 0-0: Ball
1-0: Ball
2-0: Called Strike
2-1: Swinging Strike
2-2: Strikes out swinging
Batting: LHB Sean White 0-0: Called Strike
0-1: Ball
1-1: Foul Ball, location: 2F
1-2: Fly out, F8 (Line Drive, 8LS)
Batting: RHB Luke Cater 0-0: Fly out, F9 (Flyball, 89S)
Bottom of the 9th over - 0 run(s), 1 hit(s), 0 error(s), 2 left on base; Illinois 10 - Iowa State 5
This league is powered by Out of the Park Baseball, the baseball management simulation game for PC, Mac and Linux
Saturday, April 9th, 2016 - OOTP Baseball 16.8 Build 38